 Dungeon Crawl Stone Soup version 0.31-a0-859-g9dce7d3444 (webtiles) character file.

Game seed: 7225081730260212183

1499037 Flugkiller the Pyromancer (level 27, 183/183 HPs)
             Began as a Human Fire Elementalist on Oct 9, 2023.
             Was an Initiate of Gozag.
             Escaped with the Orb
             ... and 3 runes!
             The game lasted 02:42:39 (84849 turns).

Flugkiller the Pyromancer (HuFE)                   Turns: 84849, Time: 02:42:39

Health: 183/183    AC: 15    Str:  9    XL:     27
Magic:  42/42      EV: 20    Int: 36    God:    Gozag
Gold:   3597       SH:  8    Dex: 16    Spells: 6/66 levels left

rFire   + + +        r - staff of fire
rCold   + . .        U - +3 warlock's mirror {omnireflect}
rNeg    + . .        E - +3 robe of Clouds {*Thunder rCloud rElec}
rPois   +            o - +2 helmet {Int+3}
rElec   +            J - +0 cloak of Untold Secrets {Rampage rF+}
rCorr   +            g - +1 pair of gloves of the Conjuring Gods {rC+ rN+ rCorr Str-4}
SInv    +            y - +2 pair of boots {Fly}
Will    +++..        T - amulet of magic regeneration
Stlth   +            i - ring of see invisible
HPRegen 0.50/turn    D - ring of Ugejorha {rPois rF+ Will+ Str+4 Int+6}
MPRegen 0.68/turn

%: reflection, rampage
@: flying, studying 3 skills
A: thin skeletal structure 1, clumsy 1, low MP 1, shaggy fur 1, evolution 1
0: Orb of Zot
}: 3/15 runes: barnacled, slimy, gossamer
a: Renounce Religion, Potion Petition, Call Merchant, Bribe Branch


You escaped.
You worshipped Gozag.
Gozag was most pleased with you.
You visited 11 branches of the dungeon, and saw 52 of its levels.
You also visited: Sewer, Ice Cave, Volcano and Desolation.

You collected 27356 gold pieces.
You spent 2937 gold pieces at shops.
You paid 20822 gold pieces to Gozag.

Inventory:

Missiles
 K - 8 throwing nets
 W - 12 curare-tipped darts (quivered)
Armour
 a - a +2 cloak of willpower
   (You took it off a draconian monk on level 2 of the Realm of Zot)
 g - the +1 pair of gloves of the Conjuring Gods (worn) {rC+ rN+ rCorr Str-4}
   (You found it in an ice cave)

   Str-4:     It affects your strength (-4).
   rC+:       It protects you from cold.
   rN+:       It protects you from negative energy.
   rCorr:     It protects you from acid and corrosion.
 o - a +2 helmet of intelligence (worn)
   (You found it on level 5 of the Pits of Slime)
 y - a +2 pair of boots of flying (worn)
   (You found it on level 4 of the Spider Nest)
 E - the +3 robe of Clouds (worn) {*Thunder rCloud rElec}
   (You found it on level 6 of the Dungeon)

   *Thunder:  It occasionally creates storm clouds above nearby enemies.
   rCloud:    It grants its wearer immunity to clouds.
   rElec:     It insulates you from electricity.
 I - the +1 kite shield of Cowardice {Regen+ Str-2 Dex+4 Stlth+}
   (You took it off a draconian stormcaller on level 4 of the Realm of Zot)

   Str-2:     It affects your strength (-2).
   Dex+4:     It affects your dexterity (+4).
   Regen+:    It increases your rate of health regeneration.
   Stlth+:    It makes you more stealthy.
 J - the +0 cloak of Untold Secrets (worn) {Rampage rF+}
   (You found it on level 5 of the Lair of Beasts)

   rF+:       It protects you from fire.
   Rampage:   It bestows one free step when moving towards enemies.
 U - the +3 warlock's mirror (worn) {omnireflect}
   (You found it on level 10 of the Dungeon)

   Omnireflect: It can block and reflect piercing ranged attacks and magical
   attacks against the wielder's willpower.
 Z - a +2 helmet of see invisible
   (You found it in an ice cave)
Magical Staves
 b - a staff of air
   (You found it on level 5 of the Lair of Beasts)
 r - a staff of fire (weapon)
   (You found it on level 2 of the Depths)
Jewellery
 f - a ring of protection from fire
   (You found it on level 3 of the Dungeon)
 i - a ring of see invisible (left hand)
   (You found it on level 3 of the Depths)
 m - a ring of willpower
   (You took it off a purple draconian on level 2 of the Realm of Zot)
 p - the ring "Ochairino" {rF+ rC+ Will+ Str+2 Slay+2}
   (You acquired it on level 3 of the Vaults)

   [ring of protection from cold]

   Str+2:     It affects your strength (+2).
   Slay+2:    It affects your accuracy & damage with ranged weapons and melee
   (+2).
   rF+:       It protects you from fire.
   rC+:       It protects you from cold.
   Will+:     It increases your willpower.
 z - a +6 ring of intelligence
   (You took it off a rakshasa on level 3 of the Depths)
 D - the ring of Ugejorha (right hand) {rPois rF+ Will+ Str+4 Int+6}
   (You found it on level 5 of the Pits of Slime)

   [ring of intelligence]

   Str+4:     It affects your strength (+4).
   Int+6:     It affects your intelligence (+6).
   rF+:       It protects you from fire.
   rPois:     It protects you from poison Will+: It increases your willpower.
 Q - the ring "Ynnechinn" {rCorr MP+9 AC+4}
   (You took it off a deep elf elementalist on level 3 of the Elven Halls)

   [ring of protection]

   AC+4:      It affects your AC (+4).
   MP+9:      It affects your magic capacity (+9).
   rCorr:     It protects you from acid and corrosion.
 T - an amulet of magic regeneration (around neck)
   (You found it on level 1 of the Lair of Beasts)
Wands
 k - a wand of digging (23)
   (You found it on level 3 of the Lair of Beasts)
 x - a wand of acid (6)
   (You found it on level 15 of the Dungeon)
 L - a wand of iceblast (27)
   (You found it on level 13 of the Dungeon)
 O - a wand of mindburst (28)
   (You found it on level 2 of the Spider Nest)
 V - a wand of paralysis (44)
   (You found it on level 2 of the Shoals)
Scrolls
 c - 7 scrolls of poison
 e - a scroll of butterflies
 t - 8 scrolls of teleportation
 u - 7 scrolls of fog
 C - 6 scrolls of immolation
 G - a scroll of enchant armour
 P - 2 scrolls of fear
 X - 3 scrolls of vulnerability
Potions
 d - 9 potions of might
 h - 5 potions of haste
 j - 5 potions of enlightenment
 l - 4 potions of invisibility
 n - 9 potions of resistance
 q - 17 potions of curing
 s - 6 potions of mutation
 w - a potion of heal wounds
 A - 9 potions of brilliance
 B - 5 potions of attraction
 F - 4 potions of cancellation
 H - 6 potions of ambrosia
 S - 10 potions of lignification
Miscellaneous
 v - a phial of floods
   (You found it on level 1 of the Spider Nest)


   Skills:
 - Level 8.0 Fighting
 - Level 15.0 Dodging
 - Level 2.0 Stealth
 - Level 5.0 Shields
 - Level 20.0 Spellcasting
 + Level 22.6 Conjurations
 - Level 10.0 Summonings
 - Level 7.0 Translocations
 - Level 25.0 Fire Magic
 - Level 17.0 Air Magic
 - Level 8.0 Evocations


You had 6 spell levels left.
You knew the following spells:

 Your Spells              Type           Power      Damage    Failure   Level
a - Foxfire               Conj/Fire      100%       2x1d9     0%          1
b - Scorch                Fire           100%       2d9       0%          2
c - Volatile Blastmotes   Fire/Tloc      100%       2d18      0%          3
d - Flame Wave            Conj/Fire      100%       2d21      0%          4
e - Sticky Flame          Conj/Fire      100%       2d11      0%          4
f - Iskenderun's Mystic   Conj/Tloc      97%        2d19      1%          4
g - Plasma Beam           Fire/Air       68%        2x1d84    1%          6
h - Orb of Destruction    Conj           57%        9d14      1%          7
i - Ignition              Fire           72%        3d19      1%          8
j - Spellforged Servitor  Conj/Summ      50%        N/A       1%          7
k - Fire Storm            Conj/Fire      71%        8d18      7%          9
I - Irradiate             Conj/Tmut      43%        3d26      1%          5

Your spell library contained the following spells:

 Spells                   Type           Power      Damage    Failure   Level
 Magic Dart               Conj           100%       1d8       0%          1
 Momentum Strike          Conj/Tloc      100%       3d10      0%          2
 Searing Ray              Conj           100%       2d8       0%          2
 Mephitic Cloud           Conj/Pois/Air  92%        N/A       0%          3
 Arcjolt                  Conj/Air       54%        1d64      0%          5
 Iskenderun's Battlesphe  Conj           100%       2d15      0%          5
 Apportation              Tloc           100%       N/A       1%          1
 Freeze                   Ice            100%       1d10      1%          1
 Necrotise                Necr           100%       1d9       1%          1
 Sting                    Tmut/Pois      100%       1d8       1%          1
 Summon Small Mammal      Summ           100%       N/A       1%          1
 Blink                    Tloc           100%       N/A       1%          2
 Call Imp                 Summ           100%       N/A       1%          2
 Cigotuvi's Dreadful Rot  Necr/Pois/Air  100%       N/A       1%          2
 Lesser Beckoning         Tloc           100%       N/A       1%          2
 Poisonous Vapours        Pois/Air       100%       N/A       1%          2
 Sublimation of Blood     Necr           36%        N/A       1%          2
 Wereblood                Tmut           36%        N/A       1%          2
 Hailstorm                Conj/Ice       87%        3d17      1%          3
 Ignite Poison            Fire/Tmut/Pois 97%        N/A       1%          3
 Inner Flame              Hex/Fire       100%       N/A       1%          3
 Summon Guardian Golem    Hex/Summ       64%        N/A       1%          3
 Animate Armour           Summ/Erth      100%       N/A       1%          4
 Manifold Assault         Tloc           72%        N/A       1%          4
 Passage of Golubria      Tloc           72%        N/A       1%          4
 Summon Ice Beast         Ice/Summ       64%        N/A       1%          4
 Vhi's Electric Charge    Tloc/Air       100%       N/A       1%          4
 Freezing Cloud           Conj/Ice/Air   46%        6-21      1%          5
 Silence                  Hex/Air        38%        N/A       1%          5
 Bombard                  Conj/Erth      43%        9d7       1%          6
 Conjure Ball Lightning   Conj/Air       54%        3x3d20    1%          6
 Dimensional Bullseye     Hex/Tloc       28%        N/A       2%          4
 Frozen Ramparts          Ice            72%        1d11      3%          3
 Ozocubu's Armour         Ice            36%        N/A       3%          3
 Tukima's Dance           Hex            36%        N/A       3%          3
 Dispersal                Tloc           36%        N/A       11%         6
 Dispel Undead            Necr           36%        3d15      12%         4
 Olgreb's Toxic Radiance  Pois           36%        N/A       12%         4
 Petrify                  Tmut/Erth      36%        N/A       12%         4
 Alistair's Intoxication  Tmut/Pois      24%        N/A       32%         5
 Borgnjor's Vile Clutch   Necr/Erth      18%        N/A       32%         5
 Metabolic Englaciation   Hex/Ice        18%        N/A       32%         5
 Yara's Violent Unravell  Hex/Tmut       18%        3d9       32%         5
 Death Channel            Necr           18%        N/A       88%         6
 Eringya's Noxious Bog    Tmut/Pois      18%        4d6       88%         6
 Chain Lightning          Conj/Air       54%        3d72      36%         9
 Lehudib's Crystal Spear  Conj/Erth      43%        10d11     61%         8
 Haunt                    Necr/Summ      32%        N/A       78%         7
 Summon Horrible Things   Summ           41%        N/A       78%         8
 Disjunction              Tloc           36%        N/A       99%         8
 Ozocubu's Refrigeration  Ice            18%        4d11      100%        7
 Borgnjor's Revivificati  Necr           18%        N/A       100%        8
 Discord                  Hex            18%        N/A       100%        8
 Death's Door             Necr           18%        N/A       100%        9
 Polar Vortex             Ice            18%        12d2*     100%        9
 Shatter                  Erth           18%        3d17*     100%        9
 Animate Dead             Necr           Unusable   N/A       N/A         4
 Simulacrum               Ice/Necr       Unusable   N/A       N/A         6

Dungeon Overview and Level Annotations

Branches:
Dungeon (15/15)            Temple (1/1) D:4            Lair (5/5) D:8
 Shoals (4/4) Lair:2       Spider (4/4) Lair:3        Slime (5/5) Lair:4
    Orc (2/2) D:11            Elf (3/3) Orc:2        Vaults (4/5) D:14
  Crypt (0/3) Vaults:2     Depths (4/4) D:15            Zot (5/5) Depths:4
  Sewer (visited)           IceCv (visited)         Volcano (visited)
Desolation (visited)

Altars:
Ashenzari
Cheibriados
Dithmenos
Elyvilon
Fedhas
Gozag
Hepliaklqana
Kikubaaqudgha
Makhleb
Nemelex Xobeh
Okawaru
Qazlal
Ru
Sif Muna
Trog
Uskayaw
Vehumet
Wu Jian
Xom
Yredelemnul
Zin
The Shining One
Lugonu

Shops:
D:3 !   D:10 [   D:14 *   Orc:2 [=(:[*?   Elf:1 (   Elf:3 :   Lair:5 =
Shoals:1 *[   Shoals:2 (   Vaults:1 (   Vaults:3 ![:   Depths:1 :   Depths:2 (

Portals:
Hell: Depths:1 Depths:2 Depths:3 Depths:4
Abyss: Shoals:4 Depths:1 Depths:2 Depths:3
Pandemonium: Depths:2 Depths:4
Ziggurat: Depths:2

Annotations:
D:2 Terence
D:6 2 runed translucent doors, Dirtsage's ghost, novice DsBe
D:7 1 runed translucent door, Crazy Yiuf
D:9 exclusion: boulder beetle
D:14 4 transporters
Lair:5 exclusion: obsidian statue
Shoals:2 Roxanne
Elf:1 3 runed translucent doors, 2 transporters, exclusion: orange crystal statue, Lobisch Ygad's ghost, adept CeHu
Elf:2 2 transporters, 3 runed translucent doors, Reshi88's ghost, adept FoFi


Innate Abilities, Weirdness & Mutations

You have a somewhat thin skeletal structure. (Dex +2, Stealth+)
You are clumsy. (Dex -2)
Your magical capacity is low. (-10% MP)
You are covered in fur. (AC +1)
You have hidden genetic potential.


Message History

You feel a surge of power!
The bolt of lightning hits the smoke demon!!!
You kill the smoke demon!
Magic restored.
There is a stone staircase leading up here.
You fly upwards.
There is a stone staircase leading down here.
A smoke demon comes into view.
The smoke demon roars!
Casting: Plasma Beam (safe; 1% risk of failure)
Confirm with . or Enter, or press ? or * to list all spells.
You feel a surge of power!
The bolt of lightning hits the smoke demon!!!!
You kill the smoke demon!
Magic restored.
You see here a +0 morningstar.
There is a stone staircase leading up here.
You fly upwards.
There is a stone staircase leading down here.
There is a shaft here.
There is a shaft here.
There is a stone staircase leading up here.
You fly upwards.
Level annotation: Terence
There is a stone staircase leading down here.
There is an open door here.
There is an open door here.
A hell hound comes into view.
Casting: Plasma Beam (safe; 1% risk of failure)
Confirm with . or Enter, or press ? or * to list all spells.
You feel a surge of power!
The bolt of lightning hits the hell hound!!
The hell hound is severely wounded.
The fiery plasma hits the hell hound.
The hell hound completely resists.
The hell hound is severely wounded.
Casting: Plasma Beam (safe; 1% risk of failure)
Confirm with . or Enter, or press ? or * to list all spells.
You feel a surge of power!
The bolt of lightning misses the hell hound.
The fiery plasma misses the hell hound.
A hell hound comes into view.
A hell hound comes into view.
The hell hound breathes flames at you. The blast of flame hits you. You resist.
The hell hound barks!
Unknown command.
You rampage towards the hell hound!
You hit the hell hound but do no damage.
The hell hound misses you. The hell hound barely misses you.
The hell hound bites you but does no damage.
You block the hell hound's attack.
Unknown command.
You closely miss the hell hound.
The hell hound bites you but does no damage.
You block the hell hound's attack. The hell hound breathes flames at you.
The blast of flame misses you.
You hear a bark!
Unknown command.
You hit the hell hound but do no damage.
Storm clouds gather above the hell hound.
A hell hound comes into view.
You block the hell hound's attack.
The hell hound is engulfed in a thunderstorm.
Casting: Plasma Beam (safe; 1% risk of failure)
Confirm with . or Enter, or press ? or * to list all spells.
You erupt in a fountain of uncontrolled magic!
The hell hound is blasted with magical radiation!!!
You kill the hell hound!
The hell hound is blasted with magical radiation!!!
You kill the hell hound!
The hell hound is blasted with magical radiation!!
You kill the hell hound!
You are very lightly contaminated with residual magic.
Unknown command.
The hell hound bites you.
You see here 7 gold pieces.
Storm clouds gather above the hell hound.
The hell hound attacks as it pursues you!
The hell hound misses you.
Casting: Irradiate (mildly dangerous; 1% risk of failure)
Confirm with . or Enter, or press ? or * to list all spells.
You feel a surge of power!
The bolt of lightning hits the hell hound!!!
You kill the hell hound!
A hellion comes into view.
The hellion is distracted by your dazzling golden aura.
There is a stone staircase leading up here.
You fly upwards.
There is a stone staircase leading down here.
What level of the Dungeon? (default 1, ? - help)
Your magical contamination has completely faded away.
Magic restored.
There is an open gate here.
There is an open door here.
There is an open door here.
There is a staircase leading out of the dungeon here.
Unknown command.
Enter note: gg You have escaped!

.## #.....#...##.# #.#. ..#
#.........##.######.#. #.#
##.......###.....##.#. #.# ####
######### #####....#. #.## ##..##
##...## ##..####.... #..#
#.~..#####'#####....# ##...
..>####.~~.###.....###....####...
##)##.#~~~.#≈#..>..#§#....#.##...
#.##.#~☼~~#.'..@..'.#....#.##...
#.##.#~~~.#≈#.....#§#....#.##...
#....#.~~.###.....###....#..#...
####.#.~..#####'#####....#....##
#.##..## ##8.8## ##..###.###
#####.##########§#### #### #.####
...........##..§§§§.## #.##..
####.....#.#..§§.§§..# #.#..#
####..##.#.#.§#..#§..# ###...##


There were no monsters in sight!

Vanquished Creatures
  the Royal Jelly (Slime:5)
  2 dread liches (Zot:5)
  2 ancient liches
  4 orbs of fire
  Mennas (Vaults:3)
  Parghit (Depths:3)
  Bai Suzhen (Spider:4)
  Xtahua (Depths:4)
  A caustic shrike (Depths:1)
  2 Killer Klowns
  2 curse toes
  13 golden dragons
  Nikola (Vaults:1)
  A bone dragon (Zot:3)
  A Brimstone Fiend (Zot:2)
  3 electric golems
  17 tentacled monstrosities
  2 pandemonium lords
  Rupert (Spider:1)
  A Hell Sentinel (Zot:5)
  A walking earthen tome (Depths:1)
  Mlioglotl (Shoals:1)
  3 liches
  17 Orb Guardians
  A kraken (Shoals:4)
  2 deep elf blademasters (Elf:3)
  11 sphinxes
  A titan (Depths:1)
  8 death cobs
  2 deep elf master archers (Elf:3)
  6 quicksilver dragons
  18 acid blobs
  An ancient champion (Depths:3)
  Kirke (Lair:5)
  Agnes (Elf:2)
  15 storm dragons
  5 draconian monks
  12 shadow dragons
  Aizul (Shoals:2)
  4 tengu reavers
  Donald (Vaults:2)
  16 rockslimes
  The ghost of AncientFaroe the Impaler, an adept HuFi of Okawaru (Spider:1)
  5 draconian scorchers
  An iron dragon (Depths:3)
  6 azure jellies
  2 fire giants
  2 balrugs
  2 deep elf sorcerers
  6 draconian knights
  14 vault wardens
  9 emperor scorpions
  6 frost giants
  3 deep elf elementalists (Elf:3)
  A reaper (D:15)
  7 ghost moths
  Louise (Shoals:1)
  8 quicksilver oozes
  An angel (Zot:2)
  A curse skull (Zot:3)
  8 draconian shifters
  A spriggan defender (Depths:3)
  A demonspawn blood saint (Zot:2)
  An orc warlord (Orc:1)
  7 draconian stormcallers
  9 draconian annihilators
  10 stone giants
  5 formless jellyfish
  A ghoul (Vaults:2)
  19 very ugly things
  16 ironbound preservers
  7 ironbound thunderhulks
  2 war gargoyles
  2 broodmothers
  13 yellow draconians
  8 green draconians
  The ghost of NigelTetley the Cleaver, a journeyman DgFi (Lair:5)
  3 deep elf demonologists (Elf:3)
  9 black draconians
  4 vampire knights
  10 red draconians
  7 white draconians
  8 deep elf annihilators
  10 dire elephants
  11 purple draconians
  3 deep elf death magi
  8 spark wasps
  5 merfolk javelineers
  Josephine (Orc:1)
  2 blizzard demons
  10 fire dragons
  5 entropy weavers
  8 merfolk impalers
  A crystal guardian (Vaults:2)
  7 great orbs of eyes
  9 yaktaur captains
  2 deep elf high priests
  2 jiangshi (Depths:2)
  8 vault guards
  8 ettins
  7 ice dragons
  3 peacekeepers
  Harold (D:10)
  A hell beast (Depths:3)
  3 ogre magi
  6 caustic shrike simulacra (IceCv)
  A hydra (Lair:4)
  14 rakshasas
  7 centaur warriors
  An alligator (shapeshifter) (Depths:3)
  5 merfolk aquamancers
  8 merfolk avatars
  3 catoblepae
  8 boulder beetles
  2 jorogumos (Spider:2)
  Erica (Lair:1)
  11 ironbound frosthearts
  A death knight (Vaults:2)
  2 satyrs
  5 radroaches
  3 spriggan air magi
  6 two-headed ogres
  An anaconda (shapeshifter) (Elf:2)
  5 deep troll shamans
  3 alligator snapping turtles
  7 deep troll earth magi
  4 tengu warriors
  2 vampire magi (Depths:2)
  2 spriggan berserkers
  17 dancing weapons
  6 demonic crawlers
  2 death yaks
  6 hell knights (Depths:2)
  An orc high priest (Orc:1)
  A soul eater (D:12)
  A spectral death yak (Lair:5)
  Sonja (Lair:1)
  12 deep elf knights
  Amaemon (Lair:1)
  2 iron trolls (Depths:3)
  7 skysharks
  A sun moth (Spider:2)
  11 pharaoh ants
  12 sea snakes
  A death drake (Vaults:1)
  A spectral anaconda (Lair:5)
  4 skeletal warriors (Depths:3)
  15 orb spiders
  59 deep trolls
  A flayed ghost (Depths:3)
  A glowing orange brain (shapeshifter) (Depths:3)
  5 glowing orange brains
  8 steelbarb worms
  An obsidian statue (Zot:3)
  2 orange crystal statues (IceCv)
  16 harpies
  3 deep elf archers
  A steelbarb worm (shapeshifter) (Elf:1)
  10 ironbound convokers
  16 wizards
  7 lindwurms
  27 deep elf pyromancers
  19 deep elf zephyrmancers
  A mana viper (Vaults:1)
  5 oklob plants (Zot:3)
  3 orc knights
  2 orc sorcerers (Orc:1)
  7 shining eyes
  9 necromancers
  35 ugly things
  29 wolf spiders
  15 fauns
  16 manticores
  26 moths of wrath
  6 cyclopes
  5 merfolk sirens
  27 elephants
  4 black mambas
  7 water nymphs
  A naga mage (Vaults:1)
  17 vault sentinels
  A dire elephant zombie (Lair:5)
  3 smoke demons
  A rust devil (Depths:4)
  2 eyes of devastation
  3 torpor snails
  15 cane toads
  An orange demon (Lair:1)
  3 gargoyles
  A hellion (Zot:5)
  A rime drake (D:8)
  A kobold demonologist (D:10)
  Maggie (D:10)
  5 unseen horrors
  3 tengu conjurers (Depths:2)
  An ice devil (Zot:5)
  24 yaktaurs
  3 efreet
  9 komodo dragons
  5 freezing wraiths
  3 golden dragon simulacra (IceCv)
  Psyche (D:10)
  4 harpy zombies (Shoals:3)
  An anaconda simulacrum (IceCv)
  3 meliai (Spider:2)
  A polar bear (Lair:4)
  A hellwing (Depths:4)
  A merfolk (shapeshifter) (Depths:3)
  5 trolls
  5 wind drakes
  19 merfolk
  11 saltlings
  7 hornets
  44 tarantellas
  3 alligator simulacra (IceCv)
  6 snapping turtles
  16 blink frogs
  120 slime creatures
  A dream sheep (shapeshifter) (Vaults:3)
  2 spectral elephants (Lair:5)
  7 dream sheep
  Sigmund (D:3)
  A centaur simulacrum (D:14)
  46 jumping spiders
  2 ettin skeletons
  5 shadows
  30 culicivoras
  4 air elementals
  A spriggan (shapeshifter) (D:9)
  13 water elementals
  4 wyverns
  4 large abominations
  7 wraiths
  5 hogs
  41 yaks
  A basilisk (shapeshifter) (Depths:3)
  8 fire elementals
  8 golden eyes
  10 basilisks
  69 redbacks
  2 steam dragons
  A death yak simulacrum (Lair:5)
  6 chaos spawn
  14 vampire mosquitoes
  A human simulacrum (Vaults:2)
  A spectral cane toad (Lair:5)
  4 wargs
  A harpy simulacrum (IceCv)
  A swamp worm (shapeshifter) (Vaults:3)
  12 water moccasins
  2 hydra simulacra (IceCv)
  4 acid dragons
  4 hell hounds (D:2)
  2 floating eyes
  3 black bears
  7 ice beasts
  46 orc warriors
  A sky beast (shapeshifter) (D:14)
  An elephant zombie (Lair:5)
  2 sky beasts (D:8)
  An ettin simulacrum (IceCv)
  A manticore zombie (Shoals:3)
  4 boggarts (D:14)
  22 centaurs
  3 ogres
  16 wolves
  3 human skeletons
  3 phantoms
  3 kobold brigands
  3 scorpions
  9 bullfrogs
  3 gnoll sergeants
  A cane toad simulacrum (Lair:5)
  4 earth elementals
  8 wights (D:9)
  4 small abominations (Depths:2)
  6 killer bees (D:9)
  A vampire bat (Vaults:1)
  4 electric eels
  2 howler monkeys
  4 hounds
  13 jellies
  A gnoll bouda (D:9)
  14 orc priests
  Jessica (D:3)
  2 sleepcaps
  6 hell rats (Lair:1)
  2 iguanas
  26 orc wizards
  3 lightning spires (Zot:3)
  11 adders
  29 gnolls
  6 river rats (Sewer)
  A shadow imp (D:7)
  5 worms
  6 dart slugs
  77 orcs
  12 ball pythons
  6 bats
  7 endoplasms
  5 giant cockroaches
  8 goblins
  3 hobgoblins
  8 jackals
  28 kobolds
  9 quokkas
  8 frilled lizards
  15 rats
  A lurking horror (Shoals:4)
2267 creatures vanquished.

Vanquished Creatures (collateral kills)
  A dread lich (Zot:5)
  An orb of fire (Zot:5)
  A titan (Depths:3)
  4 Orb Guardians (Zot:5)
  A quicksilver dragon (Zot:5)
  A draconian knight (Zot:5)
  A draconian annihilator (Zot:5)
  A white draconian (Zot:5)
  An obsidian statue (Zot:5)
  A moth of wrath (Zot:5)
  5 foxfires
18 creatures vanquished.

Vanquished Creatures (others)
  4 dread liches (Zot:5)
  3 Killer Klowns (Zot:5)
  An electric golem (Zot:5)
  6 Orb Guardians (Zot:5)
  A death cob (Zot:5)
  A draconian scorcher (Zot:5)
  A draconian annihilator (Zot:5)
  2 black draconians (Zot:5)
  A yellow draconian (Zot:5)
  An obsidian statue (Zot:5)
  A moth of wrath (Zot:5)
  A floating eye (Depths:1)
  4 fire vortices (Zot:5)
  1648 foxfires
  4 tentacles (Shoals:4)
1679 creatures vanquished.

Grand Total: 3964 creatures vanquished

Notes
Turn   | Place    | Note
-------+----------+-------------------------------------------
     0 | D:1      | Flugkiller the Human Fire Elementalist began the quest for
                  | the Orb.
     0 | D:1      | Reached XP level 1. HP: 13/13 MP: 3/3
   225 | D:1      | Reached XP level 2. HP: 19/19 MP: 3/5
   327 | D:1      | Learned a level 2 spell: Scorch
   708 | D:1      | Reached XP level 3. HP: 24/24 MP: 3/6
  1702 | D:2      | Noticed Terence
  2152 | D:2      | Reached XP level 4. HP: 31/31 MP: 4/8
  2168 | D:2      | Reached skill level 1 in Fighting
  2562 | D:2      | Reached skill level 4 in Fire Magic
  2566 | D:2      | Learned a level 3 spell: Volatile Blastmotes
  2602 | D:2      | Reached XP level 5. HP: 37/37 MP: 1/9
  2796 | D:3      | Noticed Sigmund
  2984 | D:3      | Found Allyonoph's Distillery.
  3651 | D:3      | Found a glowing silver altar of Zin.
  3702 | D:3      | Bought a potion of curing for 39 gold pieces
  3771 | D:3      | Reached skill level 1 in Translocations
  3778 | D:3      | Noticed Jessica
  3797 | D:3      | Killed Jessica
  3874 | D:3      | Killed Sigmund
  3875 | D:3      | Reached skill level 5 in Fire Magic
  3875 | D:3      | Reached XP level 6. HP: 34/44 MP: 3/12
  4098 | D:4      | Reached XP level 7. HP: 27/50 MP: 4/13
  4545 | D:4      | Reached skill level 5 in Spellcasting
  4549 | D:4      | Reached skill level 6 in Fire Magic
  4563 | D:4      | Learned a level 4 spell: Flame Wave
  4593 | D:4      | Found a glowing drain.
  4688 | Sewer    | Entered a sewer
  4803 | Sewer    | Reached XP level 8. HP: 56/56 MP: 7/15
  5773 | D:4      | Found a staircase to the Ecumenical Temple.
  5783 | Temple   | Entered the Ecumenical Temple
  5787 | Temple   | Became a worshipper of Gozag Ym Sagoz the Greedy
  5817 | D:5      | Entered Level 5 of the Dungeon
  6597 | D:6      | Reached skill level 7 in Fire Magic
  6739 | D:6      | Reached XP level 9. HP: 61/61 MP: 9/18
  6945 | D:3      | Bought a potion of mutation for 104 gold pieces
  7166 | D:6      | Found a large runed translucent door.
  7225 | D:6      | Found the +3 robe of Clouds {*Thunder rCloud rElec}
  7234 | D:6      | Reached skill level 5 in Conjurations
  7511 | D:6      | Reached skill level 8 in Fire Magic
  7635 | D:6      | Found a large runed translucent door.
  7650 | D:6      | Noticed Dirtsage's ghost (novice DsBe)
  7974 | D:6      | Learned a level 4 spell: Sticky Flame
  8628 | D:7      | Found a shimmering altar of Xom.
  8641 | D:7      | Found an ancient bone altar of Kikubaaqudgha.
  8738 | D:7      | Found an ornate altar of the Wu Jian Council.
  8739 | D:7      | Found a hazy altar of Hepliaklqana.
  8740 | D:7      | Found a sacrificial altar of Ru.
  8741 | D:7      | Found a blossoming altar of Fedhas.
  8742 | D:7      | Found a shimmering blue altar of Sif Muna.
  8743 | D:7      | Found a radiant altar of Vehumet.
  8744 | D:7      | Found a burning altar of Makhleb.
  8837 | D:7      | Found a runed translucent door.
  8838 | D:7      | Noticed Crazy Yiuf
  8943 | D:8      | Reached XP level 10. HP: 55/70 MP: 1/19
  9334 | D:8      | Reached skill level 5 in Dodging
  9798 | D:8      | Noticed a rime drake
  9810 | D:8      | Killed a rime drake
  9999 | D:8      | Found a staircase to the Lair.
 10058 | D:8      | Reached skill level 9 in Fire Magic
 10337 | D:9      | Noticed a boulder beetle
 10749 | D:9      | Noticed a manticore
 10876 | D:9      | Reached XP level 11. HP: 71/77 MP: 3/20
 11009 | D:9      | Reached skill level 10 in Fire Magic
 11052 | D:9      | Killed a manticore
 11232 | D:9      | Identified the +0 scimitar of Wyrd {freeze, MP+9}
 11240 | D:9      | Got a tattered book
 11554 | D:9      | Noticed a two-headed ogre
 11611 | D:9      | Killed a two-headed ogre
 12078 | D:10     | Entered Level 10 of the Dungeon
 12078 | D:10     | Found Woutebo's Armour Shop.
 12140 | D:10     | Noticed Maggie
 12529 | D:10     | Noticed Psyche
 12538 | D:10     | Killed Psyche
 12746 | D:10     | Bought a +2 pair of boots for 264 gold pieces
 12794 | D:10     | Noticed Harold
 13069 | D:10     | Killed Maggie
 13284 | D:10     | Noticed a wizard
 13626 | D:11     | Found a glowing golden altar of the Shining One.
 13720 | D:11     | Found a staircase to the Orcish Mines.
 13766 | D:11     | Reached skill level 5 in Fighting
 14049 | D:11     | Noticed a two-headed ogre
 14066 | D:11     | Killed a two-headed ogre
 14067 | D:11     | Reached XP level 12. HP: 64/86 MP: 5/22
 14271 | D:11     | Reached skill level 10 in Conjurations
 14856 | Lair:1   | Entered Level 1 of the Lair of Beasts
 14899 | Lair:1   | Reached skill level 11 in Fire Magic
 14931 | Lair:1   | Noticed Erica
 14938 | Lair:1   | Killed Erica
 15177 | Lair:1   | Noticed Sonja
 15196 | Lair:1   | Killed Sonja
 15782 | Lair:1   | Reached skill level 12 in Fire Magic
 15846 | Lair:1   | Noticed Amaemon
 15858 | Lair:1   | Killed Amaemon
 16131 | Lair:2   | Reached XP level 13. HP: 83/91 MP: 15/23
 16243 | Lair:2   | Found a staircase to the Shoals.
 16502 | Lair:2   | Reached skill level 13 in Fire Magic
 17847 | Lair:3   | Found a hole to the Spider Nest.
 17905 | Lair:3   | Noticed a catoblepas
 18306 | Lair:3   | Reached skill level 10 in Dodging
 18491 | Lair:3   | Killed a catoblepas
 18724 | Lair:4   | Learned a level 4 spell: Iskenderun's Mystic Blast
 18793 | Lair:4   | Noticed a four-headed hydra
 18802 | Lair:4   | Killed a four-headed hydra
 18856 | Lair:4   | Reached XP level 14. HP: 96/100 MP: 24/24
 19027 | Lair:4   | Found a staircase to the Slime Pits.
 19294 | Lair:4   | Found a dark tunnel.
 19303 | Volcano  | Entered a volcano
 19347 | Volcano  | Noticed a stone giant
 19374 | Volcano  | Killed a stone giant
 20220 | Lair:5   | Entered Level 5 of the Lair of Beasts
 20230 | Lair:5   | Reached skill level 5 in Translocations
 20853 | Lair:5   | Found a runed translucent door.
 20856 | Lair:5   | Noticed NigelTetley's ghost (journeyman DgFi)
 20914 | Lair:5   | Noticed Kirke
 20940 | Lair:5   | Killed Kirke
 20986 | Lair:5   | Noticed a dire elephant
 20987 | Lair:5   | Noticed a dire elephant
 21010 | Lair:5   | Noticed a dire elephant
 21013 | Lair:5   | Reached XP level 15. HP: 102/105 MP: 26/28
 21530 | Lair:5   | Identified the +0 cloak of Untold Secrets {Rampage rF+}
 22383 | Lair:5   | Killed NigelTetley's ghost
 22739 | Orc:1    | Entered Level 1 of the Orcish Mines
 23193 | Orc:1    | Noticed Josephine
 23220 | Orc:1    | Killed Josephine
 23425 | Orc:1    | Noticed an orc warlord
 23452 | Orc:1    | Killed an orc warlord
 23604 | Orc:1    | Paralysed by an orc sorcerer for 4 turns
 24040 | Orc:2    | Entered Level 2 of the Orcish Mines
 24559 | Orc:2    | Found a staircase to the Elven Halls.
 24809 | Orc:2    | Found a bloodstained altar of Trog.
 24890 | Orc:2    | Found Belo Ifi's Weapon Boutique.
 24890 | Orc:2    | Found Yfiewk's Jewellery Shoppe.
 24892 | Orc:2    | Found Qafealieg's Armour Emporium.
 24894 | Orc:2    | Found Mutikh's Book Shop.
 24898 | Orc:2    | Bought a book of Lightning for 432 gold pieces
 24914 | Orc:2    | Learned a level 6 spell: Plasma Beam
 25557 | D:10     | Found the +3 warlock's mirror {omnireflect}
 25654 | D:10     | Reached skill level 15 in Dodging
 25654 | D:10     | Reached skill level 1 in Air Magic
 25847 | D:10     | Killed Harold
 25867 | D:10     | Bought a +0 pair of gloves of strength for 184 gold pieces
 25937 | D:12     | Reached XP level 16. HP: 89/117 MP: 29/29
 27207 | D:13     | Reached skill level 10 in Spellcasting
 27253 | D:13     | You fall into a shaft and drop 2 floors!
 27253 | D:15     | Entered Level 15 of the Dungeon
 27329 | D:14     | Found a gate to the Vaults.
 27476 | D:14     | Found a transporter.
 27478 | D:14     | Found a transporter.
 27483 | D:14     | Found a transporter.
 27497 | D:14     | Found Babriahi's General Store.
 27503 | D:14     | Reached skill level 5 in Air Magic
 27552 | D:14     | Found a transporter.
 29187 | D:15     | Found a staircase to the Depths.
 29187 | D:15     | Noticed a frost giant
 30404 | Spider:1 | Entered Level 1 of the Spider Nest
 30404 | Spider:1 | Noticed an emperor scorpion
 30408 | Spider:1 | Killed an emperor scorpion
 30796 | Spider:1 | Noticed an emperor scorpion
 30842 | Spider:1 | Killed an emperor scorpion
 31314 | Spider:1 | Reached XP level 17. HP: 122/122 MP: 20/32
 31601 | Spider:1 | Reached skill level 10 in Air Magic
 31909 | Spider:1 | Reached skill level 1 in Shields
 32024 | Spider:1 | Noticed Rupert
 32035 | Spider:1 | Killed Rupert
 32571 | Spider:1 | Found a runed translucent door.
 32571 | Spider:1 | Noticed AncientFaroe's ghost (adept HuFi)
 33181 | Spider:1 | Killed AncientFaroe's ghost
 33230 | Spider:1 | Identified the staff "Qyoj Pot" {rN+ Will+ Str+2 Int+2 Tloc
                  | Earth}
 33471 | Orc:2    | Bought a distressingly furry leather armour for 252 gold
                  | pieces
 33471 | Orc:2    | Identified the +2 leather armour "Ughel" {Harm rF+ rC+
                  | Dex-2} (You bought it in a shop on level 2 of the Orcish
                  | Mines)
 33471 | Orc:2    | Bought a runed cloak for 270 gold pieces
 33477 | Orc:2    | Bought a scroll of blinking for 142 gold pieces
 33477 | Orc:2    | Bought a scroll of butterflies for 76 gold pieces
 33477 | Orc:2    | Bought a scroll of enchant armour for 142 gold pieces
 33478 | Orc:2    | Bought a scroll of fear for 76 gold pieces
 34637 | Spider:2 | Reached skill level 5 in Shields
 35746 | Spider:2 | Reached XP level 18. HP: 72/129 MP: 3/33
 37253 | Spider:3 | Found a frozen archway.
 37284 | IceCv    | Entered an ice cave
 37493 | IceCv    | Identified the +1 pair of gloves of the Conjuring Gods {rC+
                  | rN+ rCorr Str-4}
 37650 | IceCv    | Reached skill level 14 in Fire Magic
 37868 | IceCv    | Identified the +2 mace of Jyihoac {freeze, Stlth+}
 38561 | Shoals:1 | Entered Level 1 of the Shoals
 38631 | Shoals:1 | Noticed Louise
 38633 | Shoals:1 | Killed Louise
 38988 | Shoals:1 | Found Assipattle's Dragon-Slaying Spoils.
 39055 | Shoals:1 | Found Mekaha Vevech's Assorted Antiques.
 39362 | Shoals:1 | Noticed Mlioglotl
 39443 | Shoals:1 | Killed Mlioglotl
 39562 | Shoals:2 | Noticed Aizul
 39701 | Shoals:2 | Killed Aizul
 39803 | Shoals:2 | Reached skill level 15 in Fire Magic
 39803 | Shoals:2 | Reached skill level 15 in Air Magic
 40096 | Shoals:2 | Noticed Roxanne
 40456 | Shoals:2 | Reached XP level 19. HP: 134/134 MP: 10/34
 40475 | Shoals:2 | Found Paiso's Antique Weapon Shoppe.
 41945 | Shoals:4 | Entered Level 4 of the Shoals
 41950 | Shoals:4 | Reached skill level 1 in Evocations
 42493 | Shoals:4 | Reached skill level 5 in Evocations
 43441 | Shoals:4 | Found a corrupted altar of Lugonu.
 43442 | Shoals:4 | Found a one-way gate to the infinite horrors of the Abyss.
 43978 | Shoals:4 | Got a barnacled rune of Zot
 44447 | Elf:1    | Entered Level 1 of the Elven Halls
 44543 | Elf:1    | Found Cegeigi's Antique Weapon Shop.
 44566 | Elf:1    | Found a runed translucent gate.
 44567 | Elf:1    | Found a runed translucent gate.
 44567 | Elf:1    | Found a runed translucent gate.
 44569 | Elf:1    | Noticed Lobisch Ygad's ghost (adept CeHu)
 45028 | Elf:1    | Found a transporter.
 45028 | Elf:1    | Found a transporter.
 45141 | Elf:1    | Reached skill level 16 in Fire Magic
 45382 | Elf:1    | Got a dusty book
 45745 | Elf:2    | Reached XP level 20. HP: 131/141 MP: 26/35
 45823 | Elf:2    | Paralysed by an air elemental for 1 turns
 46250 | Elf:1    | Found Cegeigi's Antique Weapon Shop.
 46599 | Elf:1    | Found a transporter.
 46631 | Elf:1    | Found a transporter.
 47296 | Elf:2    | Found a transporter.
 47296 | Elf:2    | Noticed Reshi88's ghost (adept FoFi)
 47326 | Elf:2    | Found a transporter.
 47485 | Elf:2    | Noticed Agnes
 47488 | Elf:2    | Killed Agnes
 47703 | Elf:2    | Paralysed by an air elemental for 1 turns
 47777 | Elf:2    | Found a runed translucent gate.
 47780 | Elf:2    | Found a runed translucent gate.
 47812 | Elf:2    | Found a runed translucent gate.
 47895 | Elf:3    | Entered Level 3 of the Elven Halls
 48045 | Elf:3    | Reached skill level 17 in Fire Magic
 48755 | Elf:3    | Found Becyl's Self-Published Books.
 48761 | Elf:3    | Bought Vehumet's Directory of Pristine Conjurations for 722
                  | gold pieces
 48769 | Elf:3    | Learned a level 7 spell: Orb of Destruction
 49356 | Elf:3    | Identified the ring "Ynnechinn" {rCorr MP+9 AC+4}
 49512 | Elf:3    | Found the +8 longbow "Zephyr" {speed, Dex+3 SInv}
 49544 | Elf:3    | Identified the +0 leather armour "Quzicw" {+Blink Slay+3}
 49553 | Elf:3    | Got a lithographed book
 49568 | Elf:3    | Got a vibrant book
 49569 | Elf:3    | Identified the +7 mace "Falyez" {flame, rF+ rN+}
 49576 | Elf:3    | Identified the staff "Owostrayw" {rC+ Earth}
 49579 | Elf:3    | Identified the +6 long sword of the Nexus {freeze, Fly
                  | Will+ Stlth+}
 49582 | Elf:3    | Identified the ring of Absolutism {rF- AC+4 Slay+2 SInv}
 50106 | Spider:4 | Entered Level 4 of the Spider Nest
 50562 | Spider:4 | Reached XP level 21. HP: 147/147 MP: 23/37
 50835 | Spider:4 | Noticed Bai Suzhen
 51697 | Spider:4 | Killed Bai Suzhen
 52276 | Spider:4 | Reached skill level 15 in Conjurations
 52718 | Spider:4 | Got a gossamer rune of Zot
 53080 | Vaults:1 | Entered Level 1 of the Vaults
 53582 | Vaults:1 | Identified the +2 pair of gloves of the Land of Plenty {rF+
                  | rCorr Str-4}
 53582 | Vaults:1 | Noticed Nikola
 53587 | Vaults:1 | Killed Nikola
 53768 | Vaults:1 | Got a weird book
 55145 | Vaults:1 | Got a parchment book
 55266 | Vaults:1 | Found Siunolydamm's Antique Weapon Emporium.
 55326 | Vaults:2 | Found a staircase to the Crypt.
 55334 | Vaults:2 | Reached skill level 18 in Fire Magic
 55334 | Vaults:2 | Reached XP level 22. HP: 143/153 MP: 29/40
 55628 | Vaults:2 | You are sucked into a shaft and drop 1 floor!
 55829 | Vaults:3 | Identified a scroll of acquirement
 55831 | Vaults:3 | Acquired the ring "Ochairino" {rF+ rC+ Will+ Str+2 Slay+2}
 55971 | Vaults:3 | Found a crumbling gateway.
 55981 | Desolati | Entered the Desolation of Salt
 56335 | Vaults:3 | Reached skill level 19 in Fire Magic
 56621 | Vaults:3 | Found Curula's Book Boutique.
 56633 | Vaults:3 | Found Lesoc's Armour Emporium.
 56754 | Vaults:3 | Noticed Mennas
 56781 | Vaults:3 | Killed Mennas
 56863 | Vaults:3 | Learned a level 8 spell: Ignition
 57142 | Vaults:3 | Found Qeuw's Distillery.
 57150 | Vaults:3 | Bought a potion of resistance for 180 gold pieces
 57150 | Vaults:3 | Bought a potion of curing for 54 gold pieces
 57211 | Vaults:3 | Reached skill level 20 in Fire Magic
 57903 | Vaults:2 | Reached skill level 15 in Spellcasting
 58281 | Vaults:2 | Reached XP level 23. HP: 159/159 MP: 28/42
 58301 | Vaults:2 | Noticed Donald
 58306 | Vaults:2 | Killed Donald
 58422 | Vaults:2 | Identified the +5 ring mail "Qet Umi" {rCorr}
 58445 | Vaults:2 | Got a colourful book
 58468 | Vaults:2 | Learned a level 7 spell: Spellforged Servitor
 59021 | Vaults:4 | Reached skill level 1 in Summonings
 60266 | Vaults:4 | Reached skill level 5 in Summonings
 61432 | Depths:1 | Entered Level 1 of the Depths
 61640 | Depths:1 | Found Ipseb's Tremendous Tomes.
 61670 | Depths:1 | You are sucked into a shaft and drop 1 floor!
 61861 | Depths:1 | Found an ornate altar of the Wu Jian Council.
 61861 | Depths:1 | Noticed a golden dragon
 61861 | Depths:1 | Noticed a caustic shrike
 61862 | Depths:1 | Paralysed by a sphinx for 2 turns
 62079 | Depths:1 | Paralysed by a floating eye for 2 turns
 62656 | Depths:1 | Killed a caustic shrike
 62671 | Depths:1 | Killed a golden dragon
 62672 | Depths:1 | Reached XP level 24. HP: 136/165 MP: 1/43
 62801 | Depths:1 | Found a gateway to Hell.
 62847 | Depths:1 | Got a glossy book
 63537 | Depths:2 | Found Neptepof's Antique Weapon Shop.
 63681 | Depths:2 | Found a one-way gateway to a ziggurat.
 64234 | Depths:2 | Reached skill level 10 in Summonings
 64355 | Depths:2 | Found a one-way gate leading to the halls of Pandemonium.
 66017 | Depths:3 | Identified the ring "Xomeud" {Ice Str+3 Dex-3}
 66079 | Depths:3 | Found the +5 Storm Queen's Shield {shock, Fly rElec}
 66604 | Depths:3 | Identified the +5 ring mail of Objectivity {Slay+3}
 66830 | Depths:3 | Reached XP level 25. HP: 140/171 MP: 33/45
 67295 | Depths:4 | Entered Level 4 of the Depths
 67302 | Depths:4 | Noticed Parghit
 67415 | Depths:3 | Killed Parghit
 67532 | Depths:4 | Noticed Xtahua
 67536 | Depths:4 | Killed Xtahua
 68005 | Depths:4 | Found a gate to the Realm of Zot.
 69204 | Slime:1  | Entered Level 1 of the Pits of Slime
 69249 | Slime:1  | Reached skill level 21 in Fire Magic
 69453 | Slime:1  | Learned a level 9 spell: Fire Storm
 71112 | Slime:5  | Entered Level 5 of the Pits of Slime
 71129 | Slime:5  | Noticed the Royal Jelly
 71133 | Slime:5  | Killed the Royal Jelly
 71731 | Slime:5  | Reached XP level 26. HP: 156/177 MP: 14/46
 71829 | Slime:5  | Identified the +0 robe "Nomaov" {rC+ rCorr Str+2}
 71832 | Slime:5  | Identified the ring of Ugejorha {rPois rF+ Will+ Str+4
                  | Int+6}
 71850 | Slime:5  | Identified the +1 flail "Catajiza" {venom, rF+}
 72272 | Slime:5  | Identified the +9 spear of Lomoluf {venom, rCorr}
 72431 | Slime:5  | Found the +2 hat of the Bear Spirit {Spirit, Bear, *Rage
                  | Will++}
 72440 | Slime:5  | Got a slimy rune of Zot
 72470 | Slime:5  | Got a ragged book
 73167 | Zot:1    | Entered Level 1 of the Realm of Zot
 73566 | Depths:4 | Learned a level 5 spell: Irradiate
 74512 | Zot:1    | You are sucked into a shaft and drop 1 floor!
 74547 | Zot:2    | Noticed a curse toe
 74550 | Zot:2    | Noticed an orb of fire
 74551 | Zot:2    | Noticed a Killer Klown
 74562 | Zot:2    | Gained mutation: Your magical capacity is low. (-10% MP)
                  | [an orb of fire]
 74575 | Zot:2    | Killed an orb of fire
 74578 | Zot:2    | Gained mutation: You are frail. (-10% HP) [mutagenic glow]
 74585 | Zot:2    | Reached skill level 22 in Fire Magic
 74587 | Zot:2    | Killed a Killer Klown
 74984 | Zot:2    | Noticed an orb of fire
 75009 | Zot:2    | Killed an orb of fire
 75324 | Zot:2    | Killed a curse toe
 75467 | Zot:2    | Identified the +5 ring mail of Lust {Slay+3}
 76655 | Zot:2    | Reached XP level 27. HP: 164/164 MP: 5/42
 76875 | Zot:2    | Noticed an ancient lich
 76881 | Zot:2    | Killed an ancient lich
 77338 | Zot:2    | Reached skill level 23 in Fire Magic
 77661 | Zot:2    | Noticed an orb of fire
 77683 | Zot:2    | Killed an orb of fire
 77689 | Zot:2    | Gained mutation: You are clumsy. (Dex -2) [mutagenic glow]
 78945 | Zot:3    | Noticed an orb of fire
 78945 | Zot:3    | Gained mutation: Your spells are a little harder to cast,
                  | but a little more powerful. [an orb of fire]
 78950 | Zot:3    | Killed an orb of fire
 81284 | Zot:4    | Noticed a Killer Klown
 81286 | Zot:4    | Killed a Killer Klown
 81836 | Zot:4    | Identified the +6 quarterstaff of the Wary People {heavy,
                  | rC+ rN+}
 81842 | Zot:4    | Identified the +1 kite shield of Cowardice {Regen+ Str-2
                  | Dex+4 Stlth+}
 81946 | Zot:4    | Reached skill level 24 in Fire Magic
 82099 | Zot:5    | Entered Level 5 of the Realm of Zot
 82337 | Zot:5    | Noticed a dread lich
 82352 | Zot:5    | Killed a dread lich
 83307 | Zot:5    | Noticed a Killer Klown
 83318 | Zot:5    | a Killer Klown changed into an acid blob
 83509 | Zot:5    | Noticed an orb of fire
 83510 | Zot:5    | Noticed a dread lich
 83512 | Zot:5    | Noticed a dread lich
 83516 | Zot:5    | Killed a Killer Klown
 83519 | Zot:5    | Killed a dread lich
 83522 | Zot:5    | Killed a dread lich
 83523 | Zot:5    | Noticed a Killer Klown
 83538 | Zot:5    | Killed a Killer Klown
 83542 | Zot:5    | Killed a dread lich
 83549 | Zot:5    | Killed a dread lich
 83549 | Zot:5    | Noticed an orb of fire
 83554 | Zot:5    | Noticed an orb of fire
 83555 | Zot:5    | Noticed a dread lich
 83558 | Zot:5    | Killed a dread lich
 83581 | Zot:5    | Noticed an ancient lich
 83583 | Zot:5    | Noticed an orb of fire
 83593 | Zot:5    | Killed an orb of fire
 83614 | Zot:5    | Killed an ancient lich
 84038 | Zot:5    | Got the Orb of Zot
 84228 | Zot:2    | Reached skill level 25 in Fire Magic
 84256 | Zot:2    | Lost mutation: Your spells are a little harder to cast, but
                  | a little more powerful. [potion of mutation]
 84256 | Zot:2    | Lost mutation: You are frail. (-10% HP) [potion of
                  | mutation]
 84256 | Zot:2    | Gained mutation: You have hidden genetic potential. [potion
                  | of mutation]
 84256 | Zot:2    | Gained mutation: You are covered in fur. (AC +1) [potion of
                  | mutation]
 84256 | Zot:2    | Gained mutation: You have a somewhat thin skeletal
                  | structure. (Dex +2, Stealth+) [potion of mutation]
 84323 | Depths:3 | Noticed Qirutesa the pandemonium lord
 84327 | Depths:3 | Killed Qirutesa the pandemonium lord
 84593 | D:10     | Noticed Huaduzo the pandemonium lord
 84602 | D:10     | Killed Huaduzo the pandemonium lord
 84848 | D:1      | gg
 84849 | D:$      | Escaped with the Orb!

Illustrated notes

.## #.....#...##.# #.#. ..#
#.........##.######.#. #.#
##.......###.....##.#. #.# ####
######### #####....#. #.## ##..##
##...## ##..####.... #..#
#.~..#####'#####....# ##...
..>####.~~.###.....###....####...
##)##.#~~~.#≈#..>..#§#....#.##...
#.##.#~☼~~#.'..@..'.#....#.##...
#.##.#~~~.#≈#.....#§#....#.##...
#....#.~~.###.....###....#..#...
####.#.~..#####'#####....#....##
#.##..## ##8.8## ##..###.###
#####.##########§#### #### #.####
...........##..§§§§.## #.##..
####.....#.#..§§.§...# #.#..#
####..##.#.#.§#..#§..# ###...##


Turn 84848 on D:1: gg

Levels and vault maps discovered:
D:1:      shiori_arrival_elements, layout_basic
D:2:      layout_basic, roderic_roman_lattice, corexii_shack,
          nicolae_grassy_gnolls, uniq_terence
D:3:      layout_loops_ring, overflow_temple_1_default, serial_shops,
          nicolae_shop_waterfront, nicolae_wormholes, uniq_sigmund, uniq_jessica
D:4:      layout_rooms, temple_hall, portal_sewer_entry_f,
          hangedman_minor_gate_pass
D:5:      layout_cave_pools
D:6:      layout_rooms, ebering_ghost_disaster_area, serial_bayou_pond_d,
          hangedman_decor_growths
D:7:      layout_basic, minitemple, uniq_crazy_yiuf_cottage
D:8:      layout_loops_cross, hellmonk_lair_entry_icy
D:9:      layout_stronghold, minmay_mirror_moons_of_madness
D:10:     minmay_smoke_and_mirrors, layout_basic, serial_shops,
          nicolae_shop_stone, patterned_corridor, uniq_harold, uniq_maggie,
          uniq_psyche
D:11:     layout_gridville, hiddenorc2_lemuel, tso_altar
D:12:     layout_roguey, drop_trap, minmay_misc_feat_alley
D:13:     layout_rooms
D:14:     layout_roguey, hellmonk_vaults_order_and_chaos, serial_shops, shop,
          nicolae_transporter_circle
D:15:     grunt_enter_depths_snipers, layout_basic
Temple:   hellmonk_temple_two_chambers
Lair:1:   layout_misc_corridors, uniq_amaemon, uniq_sonja, uniq_erica
Lair:2:   layout_small_grid, minmay_shoals_entry_lonely_mermaid,
          minmay_stone_trees_large, serial_bayou_shore_a, grunt_megastairs_1
Lair:3:   layout_hall_layers, spider_nest_entry_webs, serial_bayou_pond_c,
          minmay_lindwurm_lava, lemuel_fruit_tree, serial_bayou_shore_b
Lair:4:   layout_cave_pods, minmay_slime_entry_jelly_boxes, enter_volcano_1,
          nicolae_lair_yak_garden
Lair:5:   due_jungle_book, layout_regular_city, gammafunk_ghost_grave,
          uniq_kirke
Shoals:1: layout_shoals, serial_shops, shop, nicolae_shop_dragon_depot,
          uniq_mlioglotl, uniq_louise
Shoals:2: layout_shoals, serial_shops, shop, nicolae_shoals_lost_giant_hut,
          uniq_roxanne, uniq_aizul
Shoals:3: layout_shoals, nicolae_shoals_land_atoll, nicolae_shoals_undead_eyrie
Shoals:4: shoals_end_hangedman, layout_shoals, amcnicky_altar_lugonu_corruption
Spider:1: layout_spider_delve, gammafunk_ghost_grave, uniq_rupert
Spider:2: nicolae_spider_hilbert_zone_2 [nicolae_spider_hilbert_4_sides_1_open,
          nicolae_spider_hilbert_4_sides_1_open,
          nicolae_spider_hilbert_4_sides_1_open,
          nicolae_spider_hilbert_4_sides_1_open,
          nicolae_spider_hilbert_6_sides_1_open,
          nicolae_spider_hilbert_6_sides_1_open,
          nicolae_spider_hilbert_3_sides_1_open,
          nicolae_spider_hilbert_3_sides_1_open,
          nicolae_spider_hilbert_3_sides_1_open,
          nicolae_spider_hilbert_3_sides_1_open,
          nicolae_spider_hilbert_6_sides_1_open,
          nicolae_spider_hilbert_6_sides_1_open,
          nicolae_spider_hilbert_6_sides_1_open,
          nicolae_spider_hilbert_6_sides_1_open]
Spider:3: layout_spider_delve, portal_ice_cave_entry_frozen_things, drop_trap
Spider:4: spider_rune_water, hangedman_spider_tarantella_strand, uniq_bai_suzhen
Slime:1:  layout_caves
Slime:2:  layout_caves
Slime:3:  layout_caves
Slime:4:  layout_caves, nicolae_slime_rock_hall_of_fame
Slime:5:  slime_pit_nicolae_inversion
Orc:1:    orc_temple, layout_diamond_mine, nicolae_orc_tapped_out,
          uniq_josephine
Orc:2:    st_orc_rangers, layout_caves, basic_altar
Elf:1:    gammafunk_sealed_arena, layout_gridlike, serial_shops, shop,
          ebering_ghost_rock_garden, minmay_elf_sorcery
Elf:2:    nicolae_elf_blades_splatter_lattice [nicolae_blade_entry_antechamber],
          layout_rooms, gammafunk_ghost_berserking_beasts, item_on_display_a,
          uniq_agnes
Elf:3:    elf_hall, layout_gridlike, nicolae_custom_books
Vaults:1: ontoclasm_vaults_ring_square, nicolae_vaults_variable_pillar_hall,
          nicolae_vaults_network_square, nicolae_vaults_apartment_1,
          ontoclasm_vaults_eye, nicolae_vaults_surprise_closet,
          nicolae_vaults_security_offices_1, nicolae_vaults_diamond_2,
          nicolae_vaults_double_plus_1, nicolae_vaults_asterisk,
          vaults_room_fours, nicolae_vaults_circle_grid_a,
          vaults_room_door_hall, nicolae_vaults_storage_room_water,
          layout_vaults_quadrants, serial_shops, shop,
          serial_hangedman_research, hangedman_research_toxicology,
          hangedman_research_metamorphosis, uniq_nikola
Vaults:2: nicolae_vaults_closet_pinwheel_3, nicolae_vaults_big_angled_halls,
          nicolae_vaults_offset_grid_hallway_2, nicolae_vaults_library_corner,
          vaults_room_boxed, v_misc_25, minmay_crypt_entry_simple_corners,
          nicolae_vaults_asterisk, v_alt_pattern_3, v_misc_4, v_misc_18,
          layout_vaults_maze_bifur, uniq_donald
Vaults:3: portal_desolation_entry_nicolae_forbidding_blocks, v_misc_14,
          nicolae_vaults_quartermaster, nicolae_vaults_puzzle_piece,
          hangedman_vaults_nails, nicolae_vaults_trapezoid_3,
          hangedman_vaults_river_flow, dpeg_vaults_monster_box,
          nicolae_vaults_storage_closets_1, ontoclasm_vaults_spin,
          nicolae_vaults_double_plus_3, ontoclasm_vaults_ring_square,
          vaults_room_door_ring, ontoclasm_vaults_loading_screen,
          nicolae_vaults_angled_halls, nicolae_vaults_trapezoid_lopsided_4,
          layout_vaults_omnibox, serial_shops, nicolae_square_shop, shop, shop,
          uniq_mennas
Vaults:4: v_misc_22, ontoclasm_vaults_misaligned, nicolae_vaults_tangram_2,
          grunt_vaults_swirl, nicolae_vaults_specimen_jars,
          nicolae_vaults_closet_pinwheel_5, nicolae_vaults_oval_intersection,
          hangedman_vaults_impose, hangedman_vaults_impose,
          dpeg_vaults_monster_row, hangedman_vaults_variations,
          layout_vaults_big_cross
Depths:1: layout_honeycomb, nicolae_wu_jian_wuxing_cycle,
          hangedman_abyss_entry_splay, hell_entry,
          nicolae_shop_i_like_big_books, minmay_the_grid_square_5x5_3x3_mashed
          [minmay_the_grid_square_5x5_longway,
          minmay_the_grid_square_5x5_two_walls_b,
          minmay_the_grid_square_5x5_inner_z, minmay_the_grid_square_5x5_three,
          minmay_the_grid_square_5x5_megaprize_checkered,
          minmay_the_grid_square_5x5_slash, minmay_the_grid_square_5x5_minimal,
          minmay_the_grid_square_5x5_one_wall,
          minmay_the_grid_square_5x5_spiral]
Depths:2: minmay_ornate_pinched, layout_cave_shapes, enter_ziggurat_a,
          minmay_room_of_horrors, minmay_crystal_room, pan_entry,
          pf_hell_entry_tar_spiral, serial_shops,
          nicolae_shop_overgrown_old_shop, nicolae_burly_brawl, firewood_loft,
          uniq_josephina
Depths:3: wad_arrow_thing, layout_small_grid, abyss_entry, moated_statue,
          grunt_mini_vestibule, minmay_swirly_circle,
          infiniplex_staircase_split_hallway
Depths:4: evilmike_zot_entry_argh, layout_cave_pools, hangedman_coc_ice_floe,
          rand_demon_pan_entry_1, uniq_parghit, uniq_xtahua
Zot:1:    layout_basic
Zot:2:    grunt_deathspiral_small, layout_onion_interference,
          grunt_ministairs_3, zot_minivault_7
Zot:3:    evilmike_crystal_ball_defense, layout_onion_interference,
          lemuel_elevator
Zot:4:    layout_onion_interference, st_large_dragon_hoard_4
Zot:5:    layout_misc_corridors

Skill      XL: |  1  2  3  4  5  6  7  8  9 10 11 12 13 14 15 16 17 18 19 20 21 22 23 24 25 26 27 |
---------------+----------------------------------------------------------------------------------+-----
Conjurations   | 2 4 7 9 11 13 14 15 16 18 19 22 | 22.6
Spellcasting   | 3 4 5 6 7 9 11 12 14 15 16 18 19 20 | 20.0
Fighting       | 1 2 3 4 5 6 8 |  8.0
Fire Magic     | 4 5 6 7 8 9 10 12 13 15 16 17 18 20 21 22 25 | 25.0
Translocations | 1 2 7 |  7.0
Dodging        | 3 5 8 10 12 15 | 15.0
Air Magic      | 2 9 13 15 16 17 | 17.0
Shields        | 5 |  5.0
Evocations     | 8 |  8.0
Summonings     | 7 10 | 10.0
Stealth        | |  2.0

Action                     |  1- 3 |  4- 6 |  7- 9 | 10-12 | 13-15 | 16-18 | 19-21 | 22-24 | 25-27 || total
---------------------------+-------+-------+-------+-------+-------+-------+-------+-------+-------++-------
  Melee: Dagger            |     6 |    15 |    26 |       |       |       |       |       |       ||    47
         Short sword       |       |       |     9 |    53 |       |       |       |       |       ||    62
         Scimitar          |       |       |       |    63 |   152 |   155 |       |       |       ||   370
         Punch             |       |       |       |     2 |       |       |       |       |       ||     2
         Staff             |       |       |       |       |       |    56 |    61 |    86 |    89 ||   292
   Cast: Foxfire           |    48 |    68 |   224 |   222 |   371 |    19 |     2 |     1 |       ||   955
         Scorch            |     4 |    20 |    44 |    51 |    72 |    35 |     4 |       |       ||   230
         Flame Wave        |       |       |     7 |    40 |    78 |    53 |    21 |     2 |       ||   201
         Sticky Flame      |       |       |     4 |    28 |    92 |    77 |    15 |     1 |       ||   217
         Volatile Blastmot |       |       |       |     9 |       |       |       |       |       ||     9
         Iskenderun's Myst |       |       |       |       |    78 |    38 |   105 |     8 |    16 ||   245
         Plasma Beam       |       |       |       |       |       |   327 |   502 |   513 |   644 ||  1986
         Orb of Destructio |       |       |       |       |       |       |     8 |     6 |    59 ||    73
         Ignition          |       |       |       |       |       |       |       |    23 |    71 ||    94
         Spellforged Servi |       |       |       |       |       |       |       |     1 |       ||     1
         Irradiate         |       |       |       |       |       |       |       |       |    42 ||    42
         Fire Storm        |       |       |       |       |       |       |       |       |     7 ||     7
 Invoke: Potion Petition   |       |       |       |       |     3 |     5 |       |     1 |    19 ||    28
         Call Merchant     |       |       |       |       |     1 |     3 |       |       |       ||     4
         Bribe Branch      |       |       |       |       |       |       |       |       |     2 ||     2
  Evoke: Wand              |       |       |       |       |     1 |     8 |       |     1 |    19 ||    29
         Phial of floods   |       |       |       |       |       |     1 |       |       |     2 ||     3
    Use: Potion            |       |     2 |       |     3 |     1 |    13 |     1 |     4 |    22 ||    46
         Scroll            |       |     3 |     9 |     6 |     2 |    16 |     4 |     8 |     9 ||    57
   Stab: Sleeping          |       |     2 |       |     2 |     2 |     2 |       |       |       ||     8
         Distracted        |       |       |       |     1 |     1 |     2 |     2 |       |     1 ||     7
         Petrifying        |       |       |       |       |     1 |       |       |       |       ||     1
         Paralysed         |       |       |       |       |       |     5 |       |       |       ||     5
 Armour: Robe              |     5 |    16 |    51 |   172 |   338 |   305 |   158 |   150 |   332 ||  1527
         Skin              |       |       |       |    27 |     4 |       |       |       |    15 ||    46
  Dodge: Dodged            |    12 |    22 |    63 |   164 |   449 |   509 |   237 |   146 |   242 ||  1844
  Block: Buckler           |       |       |       |       |    10 |   252 |   131 |    99 |   109 ||   601
         Reflection        |       |       |       |       |     1 |    15 |    24 |    29 |    32 ||   101

Table legend: (Time is in decaauts)
 A = Elapsed time spent in this place.
 B = Non-inter-level travel time spent in this place.
 C = Inter-level travel time spent in this place.
 D = Time resting spent in this place.
 E = Time spent auto-exploring this place.
 F = Levels seen in this place.
 G = Mean time per level.
                   A        B        C        D        E       F      G
               +--------+--------+--------+--------+--------+-----+--------+
         Total |  85583 |  78036 |   7547 |  26702 |  33708 |  56 | 1528.3 |
       Dungeon |  21512 |  18074 |   3438 |   5372 |   8227 |  15 | 1434.1 |
        Temple |      8 |      8 |      0 |      0 |      0 |   1 |    8.0 |
          Lair |   9287 |   8205 |   1082 |   2613 |   3253 |   5 | 1857.4 |
        Shoals |   5933 |   5573 |    360 |   1992 |   2531 |   4 | 1483.2 |
   Spider Nest |   9298 |   8889 |    409 |   3287 |   3591 |   4 | 2324.5 |
    Slime Pits |   3447 |   3300 |    147 |    804 |   1616 |   5 |  689.4 |
  Orcish Mines |   3034 |   2446 |    588 |    567 |   1255 |   2 | 1517.0 |
   Elven Halls |   5410 |   5186 |    224 |   1608 |   2588 |   3 | 1803.3 |
        Vaults |   7378 |   7003 |    375 |   2036 |   3626 |   4 | 1844.5 |
        Depths |   7722 |   7171 |    551 |   2869 |   3108 |   4 | 1930.5 |
           Zot |  10780 |  10412 |    368 |   4884 |   3425 |   5 | 2156.0 |
         Sewer |    832 |    832 |      0 |    273 |    335 |   1 |  832.0 |
      Ice Cave |    628 |    628 |      0 |    386 |     51 |   1 |  628.0 |
       Volcano |    263 |    263 |      0 |      2 |     94 |   1 |  263.0 |
    Desolation |     44 |     44 |      0 |      7 |      7 |   1 |   44.0 |
               +--------+--------+--------+--------+--------+-----+--------+

Top non-repeatable levels by time:
   Zot:2: 3889 daAuts
Spider:1: 3153 daAuts
   Elf:1: 2649 daAuts
Spider:2: 2476 daAuts
Depths:3: 2403 daAuts
    D:15: 2343 daAuts
  Lair:3: 2301 daAuts
Spider:4: 2265 daAuts
   Zot:3: 2261 daAuts
Vaults:1: 2245 daAuts
     D:9: 2217 daAuts
  Lair:5: 2147 daAuts
    D:10: 2044 daAuts
Depths:2: 2019 daAuts
   Zot:5: 1933 daAuts
